 Dungeon Crawl Stone Soup version 0.30-b1-2-g02819fbbbe (webtiles) character file.

Game seed: 15680436144085898887

98673 Flugkiller the Fighter (level 16, -4/143 HPs)
             Began as a Naga Reaver on May 17, 2023.
             Was the Champion of Hepliaklqana.
             Killed from afar by Azrael (53 damage)
             ... with damnation
             ... on level 14 of the Dungeon on May 18, 2023.
             The game lasted 00:41:52 (23182 turns).

Flugkiller the Fighter (Naga Reaver)               Turns: 23182, Time: 00:41:52

Health: -4/143     AC: 27    Str: 20    XL:     16   Next: 23%
Magic:  6/30       EV:  6    Int: 26    God:    Hepliaklqana [******]
Gold:   1558       SH:  5    Dex: 14    Spells: 12/35 levels left

rFire   . . .        P - +9 broad axe (freeze)
rCold   + . .        Q - +0 buckler
rNeg    + . .        c - +3 ring mail of the Moon {Int+2 SInv}
rPois   +            K - +0 helmet
rElec   +            p - +2 cloak {rC+}
rCorr   .            E - +3 pair of gauntlets of War {Slay+5}
SInv    +            W - +1 barding {Fly}
Will    ++...        R - amulet of regeneration
Stlth   ++           O - ring "Yhiurchot" {rElec rN+ Str+3 Dex+3 Stlth-}
HPRegen 1.23/turn    a - +6 ring of intelligence
MPRegen 0.22/turn

%: no passive effects
@: flying, very slightly contaminated, studying Fighting, very slow
A: reduced essence, AC +5, large, see invisible, deformed body, poison
resistance, slowness 2, spit poison 1, naga tail 2
a: Spit Poison, Renounce Religion, Recall Ancestor, Ancestor Identity,
Transference, Idealise


You were on level 14 of the Dungeon.
You worshipped Hepliaklqana.
Hepliaklqana was exalted by your worship.
You visited 3 branches of the dungeon, and saw 21 of its levels.
You also visited: Bailey, Gauntlet and Ice Cave.

You collected 2669 gold pieces.
You spent 1111 gold pieces at shops.

Inventory:

Hand Weapons
 P - a +9 broad axe of freezing (weapon)
   (You found it in an ice cave)
Missiles
 S - a throwing net
 T - 8 javelins
Armour
 c - the +3 ring mail of the Moon (worn) {Int+2 SInv}
   (You found it on level 5 of the Dungeon)

   Int:       It affects your intelligence (+2).
   SInv:      It lets you see invisible.
 f - a +0 troll leather armour
   (You found it on level 13 of the Dungeon)
 p - a +2 cloak of cold resistance (worn)
   (You found it in an ice cave)
 E - the +3 pair of gauntlets of War (worn) {Slay+5}
   (You acquired it in a bailey)

   Slay:      It affects your accuracy & damage with ranged weapons and melee
   (+5).
 K - a +0 helmet (worn)
   (You found it on level 5 of the Lair of Beasts)
 Q - a +0 buckler (worn)
   (You took it off a spriggan on level 5 of the Lair of Beasts)
 W - a +1 barding of flying (worn)
   (You acquired it on level 2 of the Orcish Mines)
Jewellery
 a - a +6 ring of intelligence (right hand)
   (You found it on level 3 of the Lair of Beasts)
 j - a ring of flight
   (You found it on level 3 of the Dungeon)
 u - a +6 ring of dexterity
   (You found it on level 14 of the Dungeon)
 L - an amulet of magic regeneration
   (You found it on level 1 of the Lair of Beasts)
 N - a ring of resist corrosion
   (You found it on level 2 of the Lair of Beasts)
 O - the ring "Yhiurchot" (left hand) {rElec rN+ Str+3 Dex+3 Stlth-}
   (You found it in an ice cave)

   [ring of positive energy]

   Str:       It affects your strength (+3).
   Dex:       It affects your dexterity (+3).
   rElec:     It insulates you from electricity.
   rN:        It protects you from negative energy.
   Stlth:     It makes you less stealthy.
 R - an amulet of regeneration (around neck)
   (You found it in a Gauntlet)
Wands
 e - a wand of polymorph (10)
   (You took it off an orc on level 5 of the Dungeon)
 l - a wand of iceblast (9)
   (You found it on level 6 of the Dungeon)
 y - a wand of acid (2)
   (You found it on level 9 of the Dungeon)
 D - a wand of paralysis (12)
   (You found it on level 10 of the Dungeon)
 H - a wand of flame (6)
   (You found it on level 11 of the Dungeon)
 J - a wand of mindburst (19)
   (You found it on level 1 of the Lair of Beasts)
Scrolls
 i - 5 scrolls of vulnerability
 m - a scroll of fear
 o - 3 scrolls of enchant armour
 r - 9 scrolls of identify
 t - 5 scrolls of teleportation
 v - 3 scrolls of butterflies
 x - 4 scrolls of immolation
 z - a scroll of blinking
 B - 3 scrolls of fog
 F - a scroll of torment
 I - 7 scrolls of magic mapping
Potions
 b - 2 potions of cancellation
 d - 2 potions of might
 g - 3 potions of ambrosia
 h - 3 potions of haste
 k - 3 potions of invisibility
 n - 3 potions of attraction
 q - 14 potions of curing
 s - 2 potions of flight
 w - 2 potions of heal wounds
 A - 3 potions of magic
 C - 2 potions of berserk rage
 G - a potion of lignification
 M - 3 potions of mutation
Miscellaneous
 U - a phial of floods
   (You found it in a Gauntlet)
 V - a box of beasts
   (You found it in a Gauntlet)
 X - a lightning rod (4/4)
   (You found it on level 14 of the Dungeon)


   Skills:
 - Level 14.0 Fighting
 * Level 11.5(11.6) Axes
 - Level 3.0(7.9) Polearms
 + Level 7.1 Armour
 - Level 1.5 Dodging
 - Level 7.0 Stealth
 - Level 4.0 Shields
 - Level 10.0 Spellcasting
 - Level 5.0 Conjurations
 - Level 7.0 Hexes
 - Level 10.0 Summonings
 - Level 2.0 Translocations
 - Level 4.0 Transmutations
 - Level 3.0 Fire Magic
 - Level 2.0 Air Magic
 - Level 10.0 Poison Magic
 - Level 10.0 Invocations
 - Level 6.0 Evocations


You had 12 spell levels left.
You knew the following spells:

 Your Spells              Type           Power      Damage    Failure   Level
a - Kiss of Death         Conj/Necr      100%       2d13      3%          1
b - Poisonous Vapours     Pois/Air       88%        N/A       1%          2
c - Momentum Strike       Conj/Tloc      62%        3d9       3%          2
d - Olgreb's Toxic Radia  Pois           60%        N/A       1%          4
e - Ignite Poison         Fire/Tmut/Pois 42%        N/A       2%          3
f - Summon Mana Viper     Hex/Summ       55%        N/A       8%          5
g - Summon Cactus Giant   Summ           30%        N/A       22%         6

Your spell library contained the following spells:

 Spells                   Type           Power      Damage    Failure   Level
 Slow                     Hex            100%       N/A       1%          1
 Sting                    Tmut/Pois      100%       1d8       1%          1
 Confusing Touch          Hex            49%        N/A       1%          3
 Tukima's Dance           Hex            49%        N/A       1%          3
 Wereblood                Tmut           33%        N/A       2%          2
 Ensorcelled Hibernation  Hex/Ice        62%        N/A       3%          2
 Inner Flame              Hex/Fire       39%        N/A       3%          3
 Cause Fear               Hex            24%        N/A       4%          4
 Blink                    Tloc           46%        N/A       6%          2
 Lesser Beckoning         Tloc           46%        N/A       6%          2
 Passwall                 Tmut/Erth      19%        N/A       6%          2
 Hailstorm                Conj/Ice       26%        3d7       10%         3
 Summon Ice Beast         Ice/Summ       39%        N/A       11%         4
 Gell's Gravitas          Tloc           23%        N/A       12%         3
 Swiftness                Air            23%        N/A       12%         3
 Teleport Other           Tloc           23%        N/A       12%         3
 Sublimation of Blood     Necr           13%        N/A       13%         2
 Flame Wave               Conj/Fire      33%        2d10      17%         4
 Sticky Flame             Conj/Fire      33%        2d5       17%         4
 Summon Forest            Summ/Tloc      22%        N/A       21%         5
 Frozen Ramparts          Ice            26%        1d4       26%         3
 Vampiric Draining        Necr           13%        2d6       26%         3
 Yara's Violent Unravell  Hex/Tmut       20%        3d9       26%         5
 Iskenderun's Battlesphe  Conj           39%        2d9       30%         5
 Ice Form                 Ice/Tmut       23%        N/A       36%         4
 Passage of Golubria      Tloc           23%        N/A       36%         4
 Eringya's Noxious Bog    Tmut/Pois      24%        N/A       58%         6
 Summon Hydra             Summ           30%        N/A       77%         7
 Spellforged Servitor     Conj/Summ      25%        N/A       98%         7
 Iron Shot                Conj/Erth      13%        9d3       99%         6
 Simulacrum               Ice/Necr       6%         N/A       100%        6
 Dragon Form              Tmut           16%        N/A       100%        7
 Ozocubu's Refrigeration  Ice            6%         4d8       100%        7
 Ignition                 Fire           14%        3d6       100%        8
 Dragon's Call            Summ           30%        N/A       100%        9
 Polar Vortex             Ice            6%         N/A       100%        9


Dungeon Overview and Level Annotations

Branches:
Dungeon (14/15) Zot: 26510  Temple (0/1) D:7            Lair (5/5) D:10 Zot: 22910
 Shoals (0/4) Lair:2        Snake (0/4) Lair:2        Slime (0/5) Lair:4
    Orc (2/2) D:11 Zot: 9947     Elf (0/3) Orc:2        Vaults (0/5) D:13
 Bailey (visited)           IceCv (visited)         Gauntlet (visited)

Altars:
Ashenzari
Fedhas
Hepliaklqana
Nemelex Xobeh
Okawaru
Sif Muna
Trog
Uskayaw
Xom
Yredelemnul
Zin
The Shining One
Jiyva

Shops:
D:1 !   D:5 *   D:6 (   D:8 (   Orc:1 (   Orc:2 ?:!(

Annotations:
D:2 1 runed translucent door, Crazy Yiuf
D:14 Azrael
Orc:1 2 transporters, Arcadio's ghost, journeyman DEAE
Orc:2 1 runed translucent door, DevastatorOne's ghost, journeyman TrMo


Innate Abilities, Weirdness & Mutations

Your life essence is reduced to manifest your ancestor. (-10% HP)
Your serpentine skin is tough. (AC +5)
You have supernaturally acute eyesight. (SInv)
Armour fits poorly on your strangely shaped body.
Your system is resistant to poisons. (rPois)
You cover ground very slowly.
You can spit poison.
You can use your snake-like lower body to constrict enemies.


Message History

You closely miss the skeletal warrior. You grab the skeletal warrior.
The skeletal warrior is lightly damaged.
You constrict the skeletal warrior, but do no damage.
Lici hits the skeletal warrior with a +0 quarterstaff!!
The skeletal warrior hits you but does no damage.
You slash the skeletal warrior! You freeze the skeletal warrior.
The skeletal warrior is heavily damaged.
You constrict the skeletal warrior, but do no damage.
Lici casts a spell at the skeletal warrior.
The bolt of magma hits the skeletal warrior!!
The skeletal warrior hits Lici with a +0 trident!
You hit the skeletal warrior.
The skeletal warrior is almost destroyed.
You constrict the skeletal warrior.
You destroy the skeletal warrior!
No target in view!
You now have 1558 gold pieces (gained 11).
You see here a +0 trident.
A centaur comes into view. It is wielding a +0 flail.
The centaur unwields a +0 flail.
The centaur wields a +0 shortbow.
The centaur shoots an arrow.
The arrow hits you.
A centaur is nearby!
A centaur is nearby!
The centaur shoots an arrow.
You block the arrow.
Casting: Olgreb's Toxic Radiance (mildly dangerous; 1% risk of failure)
Confirm with . or Enter, or press ? or * to list all spells.
You begin to radiate toxic energy.
The centaur is poisoned.
The centaur shoots an arrow.
The arrow hits you.
The centaur shoots an arrow.
The arrow barely misses you.
The arrow closely misses Lici.
Casting: Olgreb's Toxic Radiance (mildly dangerous; 1% risk of failure)
Confirm with . or Enter, or press ? or * to list all spells.
Your toxic radiance grows in intensity.
The centaur looks even sicker.
The centaur shoots an arrow.
You block the arrow.
The centaur looks even sicker.
The centaur shoots an arrow.
You block the arrow.
The centaur shoots an arrow.
The arrow hits you.
The centaur shoots an arrow.
The arrow hits you!
The centaur looks as sick as possible!
You kill the centaur!
Your toxic aura wanes.
Ancestor HP restored.
You swap places.
HP restored.
A fire elemental comes into view.
A fire elemental is nearby!
A fire elemental is nearby!
A fire elemental is nearby!
Azrael the Boundless Flame comes into view.
He is wielding a +0 scimitar of flaming.
Lici gestures at the fire elemental while chanting.
The stone arrow hits the fire elemental!
Azrael gestures at you.
The fireball explodes!
The fireball engulfs the fire elemental.
The fire elemental completely resists.
The fireball engulfs Lici!
Lici resists.
The fireball engulfs you!!
You hear a bark!
You slice the fire elemental!! You freeze the fire elemental.
You destroy the fire elemental!
Casting: Olgreb's Toxic Radiance (mildly dangerous; 1% risk of failure)
Confirm with . or Enter, or press ? or * to list all spells.
You begin to radiate toxic energy.
Lici gestures at Azrael while chanting.
The stone arrow hits Azrael!
A hell hound comes into view.
A fire elemental comes into view.
Casting: Olgreb's Toxic Radiance (mildly dangerous; 1% risk of failure)
Confirm with . or Enter, or press ? or * to list all spells.
You miscast Summon Mana Viper.
You are very lightly contaminated with residual magic.
A chorus of moans calls out in your mind.
A nameless horror comes into view.
The hell hound is poisoned.
Lici hits Azrael with a +0 quarterstaff!
You hit Azrael but do no damage. You grab Azrael.
Azrael is moderately wounded.
You slice the nameless horror!! You freeze the nameless horror.
You destroy the nameless horror!
That felt strangely unrewarding.
The hell hound looks even sicker.
You constrict Azrael.
Lici gestures at Azrael while chanting.
The bolt of magma hits Azrael!
Azrael partially resists.
Azrael gestures at you.
The sphere of damnation explodes!
The damnation engulfs you!!!
The damnation engulfs Azrael.
Azrael completely resists.
The damnation engulfs Lici!!
A fire elemental comes into view.
Unknown command.
You hit Azrael but do no damage.
Azrael is moderately wounded.
Your toxic aura wanes.
You constrict Azrael, but do no damage. The hell hound breathes flames at you.
The blast of flame hits Azrael.
Azrael completely resists.
The blast of flame hits you!!
Lici points at Azrael and mumbles some strange words.
The bolt of magma hits Azrael!!
Azrael partially resists.
Azrael gestures at Lici.
The sphere of damnation explodes!
The damnation engulfs Lici!!!
Lici is destroyed!
The damnation engulfs you!!!
You die...

. # # #####.#
####.....#..
#.###...@Rh.....
#...........EE..
#####.##.####○○.
#.##.# . #..#.#
#####.#.####
#....).....#
....###.####.#
## ###...###.#..


You could see Azrael (unaware), 2 fire elementals and a hell hound (very
poisoned).

Vanquished Creatures
  Rupert (Orc:2)
  3 vault guards (D:13)
  3 hydras
  Erolcha (D:9)
  2 centaur warriors (D:14)
  2 catoblepae
  5 two-headed ogres
  Erica (Lair:1)
  10 death yaks
  3 skeletal warriors
  A fire crab (Lair:5)
  Lodul (D:10)
  2 deep elf pyromancers (D:14)
  3 orc knights
  2 orc sorcerers (Orc:2)
  An oklob plant (Lair:3)
  A manticore (D:14)
  7 elephants
  4 cyclopes
  7 ugly things
  3 black mambas
  3 gargoyles
  An unseen horror (D:11)
  A komodo dragon (Lair:5)
  4 cane toads
  2 kobold demonologists (D:11)
  2 freezing wraiths (IceCv)
  8 ice devils
  2 meliai (D:14)
  3 polar bears (Lair:5)
  5 trolls
  5 hornets
  A wind drake (shapeshifter) (D:14)
  4 blink frogs
  4 slime creatures
  8 dream sheep
  A snapping turtle (Lair:2)
  5 shadows
  A vampire (D:12)
  A dire elephant simulacrum (IceCv)
  6 spriggans (Lair:5)
  A wraith (D:12)
  A fire elemental (D:14)
  39 yaks
  2 wyverns
  4 basilisks
  2 steam dragons (Lair:2)
  4 vampire mosquitoes (D:12)
  2 death yak simulacra (IceCv)
  4 wargs
  3 harpy simulacra (IceCv)
  2 acid dragons (D:12)
  2 hydra simulacra (IceCv)
  10 water moccasins
  31 orc warriors
  2 hell hounds (D:14)
  6 ice beasts
  A sky beast (D:6)
  4 black bears
  21 wolves
  A sky beast (shapeshifter) (D:13)
  14 ogres
  3 boggarts (Lair:5)
  18 centaurs
  A kobold brigand (D:8)
  4 nameless horrors
  6 bullfrogs
  A gnoll sergeant (D:7)
  4 scorpions
  8 wights (D:6)
  A cane toad simulacrum (IceCv)
  4 killer bees (D:9)
  2 elephant simulacra (IceCv)
  2 electric eels (Lair:1)
  6 howler monkeys
  3 lava snakes (Lair:2)
  4 jellies
  3 hounds
  12 orc priests
  An iguana (D:6)
  15 orc wizards
  A troll simulacrum (IceCv)
  2 wolf simulacra (IceCv)
  A spriggan simulacrum (IceCv)
  4 polar bear simulacra (IceCv)
  11 gnolls
  11 adders
  A shadow imp (D:4)
  A white imp (D:7)
  4 worms
  3 dart slugs
  80 orcs
  6 endoplasms
  5 giant cockroaches
  7 goblins
  9 hobgoblins
  15 jackals
  10 kobolds
  4 quokkas
  7 ball pythons
  4 bats
  4 frilled lizards
  3 rats
577 creatures vanquished.

Vanquished Creatures (collateral kills)
  An orc warlord (Orc:1)
  A minotaur (Gauntlet)
  A vault guard (D:13)
  2 hydras
  A centaur warrior (Orc:2)
  5 death yaks
  3 skeletal warriors (D:12)
  A skyshark (Lair:5)
  A necromancer (IceCv)
  A salamander (Lair:2)
  4 cyclopes
  2 manticores
  An oklob plant (Lair:3)
  2 nameless horrors (IceCv)
  An ugly thing (D:12)
  6 elephants
  An ice statue (IceCv)
  An apocalypse crab (Gauntlet)
  4 cane toads
  An efreet (D:13)
  A rime drake (Lair:5)
  A freezing wraith (IceCv)
  A komodo dragon (Lair:5)
  5 ice devils (IceCv)
  An anaconda simulacrum (IceCv)
  A meliai (D:14)
  A meliai (shapeshifter) (D:14)
  A troll (D:13)
  2 hornets
  Prince Ribbit (D:8)
  A slime creature (Lair:4)
  6 blink frogs
  5 dream sheep
  A vampire (D:12)
  6 spriggans (Lair:5)
  2 wyverns (Lair:3)
  A wraith (D:12)
  16 yaks
  A basilisk (Lair:1)
  A dire elephant simulacrum (IceCv)
  4 vampire mosquitoes
  2 acid dragons (D:10)
  3 wargs
  6 water moccasins
  A black bear (Lair:5)
  18 orc warriors
  2 ogres
  A boggart (Lair:5)
  3 centaurs
  12 wolves
  7 bullfrogs
  3 cane toad simulacra (IceCv)
  A gnoll sergeant (Orc:1)
  A scorpion (shapeshifter) (D:13)
  A howler monkey (D:10)
  5 orc priests
  3 jellies (Lair:4)
  7 orc wizards
  4 polar bear simulacra (IceCv)
  A spriggan simulacrum (IceCv)
  A troll simulacrum (IceCv)
  2 wolf simulacra (IceCv)
  2 gnolls
  A naga simulacrum (IceCv)
  A white imp (IceCv)
  7 orcs
  4 butterflies (Lair:1)
198 creatures vanquished.

Vanquished Creatures (others)
  24 battlemagi
  3 ancestors
  An orc (D:14)
  A bush (Lair:3)
  36 fungi
  82 plants
  A withered plant (Gauntlet)
148 creatures vanquished.

Grand Total: 923 creatures vanquished

Notes
Turn   | Place    | Note
-------+----------+-------------------------------------------
     0 | D:1      | Flugkiller the Naga Reaver began the quest for the Orb.
     0 | D:1      | Reached XP level 1. HP: 19/19 MP: 3/3
   178 | D:1      | Found Niupiac's Distillery.
   285 | D:1      | Reached XP level 2. HP: 19/27 MP: 5/5
   495 | D:1      | Reached skill level 1 in Poison Magic
   511 | D:1      | Learned a level 2 spell: Poisonous Vapours
   608 | D:1      | You fall into a shaft and drop 1 floor!
   650 | D:2      | Reached XP level 3. HP: 15/30 MP: 3/6
   766 | D:1      | Found a faded altar of an unknown god.
  1213 | D:2      | Reached skill level 3 in Fighting
  1435 | D:2      | Reached XP level 4. HP: 27/42 MP: 4/8
  1968 | D:2      | Found a runed translucent door.
  1969 | D:2      | Noticed Crazy Yiuf
  2152 | D:2      | HP: 1/35 [poisoned by an adder]
  2335 | D:3      | Learned a level 2 spell: Momentum Strike
  2336 | D:3      | Reached XP level 5. HP: 42/45 MP: 6/9
  2371 | D:3      | Found an iron altar of Okawaru.
  3114 | D:4      | Reached skill level 1 in Translocations
  3166 | D:4      | Found a basalt altar of Yredelemnul.
  3205 | D:4      | Reached skill level 5 in Poison Magic
  3347 | D:4      | Noticed a black bear
  3361 | D:4      | HP: 1/49 [gnoll/+0 spear (5)]
  3371 | D:5      | Entered Level 5 of the Dungeon
  3375 | D:5      | HP: 2/49 [jackal (3)]
  3570 | D:5      | Reached XP level 6. HP: 51/56 MP: 2/10
  3630 | D:5      | Found a hazy altar of Hepliaklqana.
  3873 | D:5      | Reached XP level 7. HP: 20/62 MP: 1/11
  4153 | D:5      | Learned a level 4 spell: Olgreb's Toxic Radiance
  4279 | D:5      | Reached skill level 1 in Stealth
  4326 | D:5      | Found Ogokha's Gadget Gallery.
  4961 | D:4      | Found a sparkling altar of Nemelex Xobeh.
  5169 | D:5      | Reached skill level 4 in Fighting
  5176 | D:5      | Identified the +3 ring mail of the Moon {Int+2 SInv}
  5408 | D:5      | Reached XP level 8. HP: 72/72 MP: 5/14
  5432 | D:5      | Reached skill level 5 in Stealth
  5624 | D:6      | Reached skill level 5 in Fighting
  5749 | D:5      | Became a worshipper of Hepliaklqana the Forgotten
  5845 | D:6      | Reached skill level 1 in Evocations
  6047 | D:6      | Found a bloodstained altar of Trog.
  6581 | D:6      | Reached skill level 5 in Conjurations
  6630 | D:6      | Found Rimoh's Firing Range.
  6636 | D:6      | Reached skill level 1 in Axes
  6636 | D:6      | Reached XP level 9. HP: 73/81 MP: 7/15
  7417 | D:7      | Learned a level 3 spell: Ignite Poison
  7472 | D:7      | Reached skill level 6 in Fighting
  7530 | D:7      | Reached skill level 1 in Transmutations
  7530 | D:7      | Reached skill level 1 in Fire Magic
  7621 | D:7      | Found a staircase to the Ecumenical Temple.
  7693 | D:7      | Found a shimmering blue altar of Sif Muna.
  7720 | D:7      | Found a glowing golden altar of the Shining One.
  7798 | D:7      | Found Moisodex's Weapon Boutique.
  7853 | D:7      | Reached * piety under Hepliaklqana
  7905 | D:7      | Found a glowing silver altar of Zin.
  8694 | D:8      | Noticed Prince Ribbit
  8699 | D:8      | Killed Prince Ribbit
  8724 | D:8      | Found Ruess's Weapon Emporium.
  8764 | D:8      | Reached skill level 1 in Armour
  8764 | D:8      | Reached XP level 10. HP: 76/81 MP: 16/16
  9094 | D:9      | Noticed a two-headed ogre
  9103 | D:9      | Killed a two-headed ogre
  9355 | D:9      | Noticed Erolcha
  9360 | D:9      | Killed Erolcha
  9422 | D:9      | Reached skill level 7 in Fighting
  9422 | D:9      | Reached skill level 5 in Spellcasting
  9752 | D:9      | Reached ** piety under Hepliaklqana
  9753 | D:9      | Remembered your ancestor Lici as a battlemage
  9956 | D:9      | Found a shimmering altar of Xom.
 10080 | D:10     | Entered Level 10 of the Dungeon
 10102 | D:10     | Found a flagged portal.
 10111 | Bailey   | Entered a bailey
 10130 | Bailey   | Reached skill level 5 in Axes
 10588 | Bailey   | Reached XP level 11. HP: 87/90 MP: 5/19
 10728 | Bailey   | Acquired the +3 pair of gauntlets of War {Slay+5}
 10728 | Bailey   | Found the +3 pair of gauntlets of War {Slay+5}
 10741 | Bailey   | Noticed an orc knight
 10747 | Bailey   | Killed an orc knight
 10935 | D:10     | Found a staircase to the Lair.
 11094 | D:10     | Reached skill level 8 in Fighting
 11213 | D:10     | Noticed Lodul
 11217 | D:10     | Killed Lodul
 11218 | D:10     | Reached skill level 10 in Poison Magic
 11317 | D:10     | Reached *** piety under Hepliaklqana
 11362 | D:10     | Noticed a two-headed ogre
 11366 | D:10     | Killed a two-headed ogre
 11562 | D:10     | Found the +5 robe of Misfortune {Harm *Corrode *Slow EV+5}
 11741 | D:11     | Reached skill level 5 in Armour
 11775 | D:11     | Noticed a cyclops
 11780 | D:11     | Killed a cyclops
 11860 | D:11     | Learned a level 5 spell: Summon Mana Viper
 11901 | D:11     | Noticed a two-headed ogre
 11904 | D:11     | Killed a two-headed ogre
 11905 | D:11     | Reached skill level 1 in Hexes
 11905 | D:11     | Reached skill level 1 in Summonings
 11905 | D:11     | Reached XP level 12. HP: 94/100 MP: 2/21
 11905 | D:11     | Found a staircase to the Orcish Mines.
 12095 | D:11     | Reached skill level 9 in Fighting
 12423 | Lair:1   | Entered Level 1 of the Lair of Beasts
 12703 | Lair:1   | Reached **** piety under Hepliaklqana
 12761 | Lair:1   | Noticed Erica
 12764 | Lair:1   | Killed Erica
 12765 | Lair:1   | Reached skill level 10 in Fighting
 12797 | Lair:1   | Noticed a death yak
 12798 | Lair:1   | Noticed a death yak
 12798 | Lair:1   | Noticed a death yak
 12804 | Lair:1   | Killed a death yak
 12804 | Lair:1   | Killed a death yak
 12805 | Lair:1   | Killed a death yak
 13457 | Lair:2   | Reached skill level 11 in Fighting
 13457 | Lair:2   | Reached skill level 5 in Hexes
 13457 | Lair:2   | Reached skill level 5 in Summonings
 13539 | Lair:2   | Reached skill level 1 in Invocations
 13547 | Lair:2   | Found a frozen archway.
 13583 | IceCv    | Entered an ice cave
 13821 | IceCv    | Gained mutation: You can use your snake-like lower body to
                  | constrict enemies. [Naga growth]
 13821 | IceCv    | Reached XP level 13. HP: 111/114 MP: 19/24
 14074 | IceCv    | Reached skill level 5 in Invocations
 14236 | IceCv    | Found an ancient bone altar of Kikubaaqudgha.
 14424 | IceCv    | Identified the ring "Yhiurchot" {rElec rN+ Str+3 Dex+3
                  | Stlth-}
 15177 | Lair:2   | Found a staircase to the Snake Pit.
 15389 | Lair:2   | Found a staircase to the Shoals.
 15742 | Lair:3   | Found a gate leading to a gauntlet.
 15750 | Gauntlet | Entered a Gauntlet
 15750 | Gauntlet | Found a transporter.
 15750 | Gauntlet | Found a transporter.
 15768 | Gauntlet | Found a transporter.
 15768 | Gauntlet | Found a transporter.
 15786 | Gauntlet | Found a transporter.
 15794 | Gauntlet | Found a transporter.
 15798 | Gauntlet | Found a transporter.
 15806 | Gauntlet | Found a transporter.
 15821 | Gauntlet | Found a runed translucent door.
 15822 | Gauntlet | Found a transporter.
 15823 | Gauntlet | Found a runed translucent door.
 15836 | Gauntlet | Found a transporter.
 15840 | Gauntlet | Found a transporter.
 15844 | Gauntlet | Found a runed translucent door.
 15844 | Gauntlet | Found a runed translucent door.
 15848 | Gauntlet | Found a transporter.
 16289 | Gauntlet | Identified the +5 war axe of Defence {flame, *Corrode
                  | +Blink Dex+3}
 16303 | Gauntlet | Identified the +8 trident of Jobrong {heavy, rN+ rCorr}
 16303 | Gauntlet | Noticed a minotaur
 16309 | Gauntlet | Killed a minotaur
 16611 | Lair:3   | Reached skill level 12 in Fighting
 16739 | Lair:3   | Found a blossoming altar of Fedhas.
 16971 | Lair:3   | Reached XP level 14. HP: 124/124 MP: 26/26
 17640 | Lair:4   | Found a staircase to the Slime Pits.
 17641 | Lair:4   | Found a viscous altar of Jiyva.
 18044 | Lair:5   | Entered Level 5 of the Lair of Beasts
 18055 | Lair:5   | Reached skill level 10 in Spellcasting
 18209 | Lair:5   | Found a hide-covered altar of Uskayaw.
 18435 | Lair:5   | Reached skill level 10 in Summonings
 18718 | Lair:5   | Reached XP level 15. HP: 131/131 MP: 5/29
 18776 | Lair:5   | Reached ***** piety under Hepliaklqana
 18823 | Lair:5   | Reached skill level 5 in Evocations
 19586 | Orc:1    | Entered Level 1 of the Orcish Mines
 19632 | Orc:1    | Found Hoump's Antique Weapon Shop.
 19770 | Orc:1    | Found a transporter.
 19781 | Orc:1    | Found a transporter.
 19785 | Orc:1    | Found a bloodstained altar of Trog.
 19794 | Orc:1    | Noticed Arcadio's ghost (journeyman DEAE)
 20043 | Orc:1    | Noticed an orc warlord
 20051 | Orc:1    | Killed an orc warlord
 20052 | Orc:1    | Reached skill level 13 in Fighting
 20198 | Orc:2    | Entered Level 2 of the Orcish Mines
 20224 | Orc:2    | Paralysed by an orc sorcerer for 2 turns
 20243 | Orc:2    | Reached skill level 1 in Shields
 20383 | Orc:2    | Noticed Rupert
 20397 | Orc:2    | HP: 8/198 [Rupert/+0 battleaxe of venom (30)]
 20399 | Orc:2    | Killed Rupert
 20814 | Orc:2    | Found a runed translucent door.
 20814 | Orc:2    | Noticed DevastatorOne's ghost (journeyman TrMo)
 20834 | Orc:2    | Found Gots's Distillery.
 20834 | Orc:2    | Found Deehiot's Book Emporium.
 20836 | Orc:2    | Found Marche's Magic Scroll Shoppe.
 20838 | Orc:2    | Found Gexkyaff's Weapon Boutique.
 20842 | Orc:2    | Bought a potion of haste for 100 gold pieces
 20846 | Orc:2    | Bought a scroll of blinking for 127 gold pieces
 20856 | Orc:2    | Bought a scroll of acquirement for 884 gold pieces
 20856 | Orc:2    | Acquired a +0 barding of flying
 21014 | Orc:2    | Found a staircase to the Elven Halls.
 21137 | Orc:2    | Learned a level 6 spell: Summon Cactus Giant
 21350 | D:12     | Reached skill level 10 in Axes
 22137 | D:13     | Found a gate to the Vaults.
 22178 | D:13     | Reached XP level 16. HP: 142/142 MP: 7/30
 22293 | D:13     | Reached ****** piety under Hepliaklqana
 22803 | D:14     | Reached skill level 14 in Fighting
 22803 | D:14     | Reached skill level 10 in Invocations
 22871 | D:14     | Got Performing Successful Incantation
 22885 | D:14     | Found a broken altar of Ashenzari.
 23176 | D:14     | Noticed Azrael
 23182 | D:14     | Killed from afar by Azrael

Illustrated notes

Levels and vault maps discovered:
D:1:      matt_arrival_refuge, layout_loops_ring,
          shapermc_ecumenical_altar_petra, serial_shops,
          nicolae_shop_advertising_works [nicolae_subvault_shop_adworks]
D:2:      layout_basic, minmay_tromino_v4_a, uniq_crazy_yiuf_cottage
D:3:      layout_loops_cross, okawaru_gym_becter, kennysheep_nondescript,
          dk_noncrumbling_3
D:4:      layout_basic, mainiacjoe_overflow_alcove_1,
          nemelex_xobeh_ov_fountains_minmay
D:5:      layout_basic, nicolae_overflow_hidden_temple, nicolae_shop_gadgets
D:6:      layout_cave_pods, mainiacjoe_overflow_six_doors_small,
          nicolae_shop_firing_range
D:7:      layout_basic, mainiacjoe_overflow_chevrons, tso_oasis_becter,
          lemuel_coloured_pillars_altar, temple_green, serial_glass,
          glass_columns_b, glass_columns_c, kennysheep_small_spiral,
          nicolae_stop_n_shop_1
D:8:      layout_loops_corners, serial_shops, shop, uniq_prince_ribbit1
D:9:      layout_basic, mainiacjoe_overflow_alcove_2, minmay_misc_feat_rows,
          minmay_stone_trees_medium, minmay_holes, uniq_erolcha
D:10:     layout_irregular_city, erik_lair_orcish_takeover, enter_bailey_8,
          uniq_lodul
D:11:     layout_roguey, david_orc_5
D:12:     minmay_spotlight, layout_cave_pools
D:13:     layout_gridville, lightli_vaults_fourway_checkpoint
D:14:     layout_loops_ring, cheibrodos_ashenzari_chains,
          grunt_gozag_breadcrumbs, uniq_azrael
Lair:1:   layout_regular_city, serial_bayou_ford_a, lemuel_fruit_fields,
          infiniplex_staircase_pool, uniq_erica
Lair:2:   layout_cellular_growth, minmay_shoals_entry_hut,
          nicolae_snake_entry_warm_welcome, portal_ice_cave_demonic_guard,
          grunt_megastairs_3
Lair:3:   layout_small_grid, gauntlet_entry_generic, hangedman_tree_tricks,
          grunt_forest_small_clearing_treed
Lair:4:   layout_regular_city, minmay_slime_entry_pillars
Lair:5:   minmay_lair_end_enchanted_forest, layout_layer_cave,
          serial_bayou_lagoon_a, lemuel_centaur_altar, grunt_megastairs_5
Orc:1:    layout_caves, gammafunk_ghost_wrathful_warriors, serial_shops,
          nicolae_shop_rolling_square, nicolae_orc_bridge_out
Orc:2:    st_orc_rangers, layout_caves, gammafunk_ghost_grave, uniq_rupert

Skill      XL: |  1  2  3  4  5  6  7  8  9 10 11 12 13 14 15 16 |
---------------+-------------------------------------------------+-----
Poison Magic   | 1 2 4 6 7 8 10 | 10.0
Fighting       | 3 4 5 6 7 8 11 12 13 14 | 14.0
Spellcasting   | 3 4 5 6 7 8 10 | 10.0
Translocations | 1 2 |  2.0
Air Magic      | 2 |  2.0
Stealth        | 4 7 |  7.0
Evocations     | 2 4 6 |  6.0
Conjurations   | 5 |  5.0
Axes           | 1 3 5 7 8 10 11 | 11.5
Transmutations | 3 4 |  4.0
Fire Magic     | 3 |  3.0
Armour         | 1 3 5 6 7 |  7.1
Hexes          | 1 5 6 7 |  7.0
Summonings     | 1 5 6 10 | 10.0
Invocations    | 3 8 9 10 | 10.0
Shields        | 3 4 |  4.0
Polearms       | |  3.0
Dodging        | |  1.5

Action                     |  1- 3 |  4- 6 |  7- 9 | 10-12 | 13-15 | 16-18 || total
---------------------------+-------+-------+-------+-------+-------+-------++-------
  Melee: Spear             |   143 |    71 |       |       |       |       ||   214
         Punch             |     1 |       |       |       |     5 |       ||     6
         Quarterstaff      |       |    67 |    77 |       |       |       ||   144
         Battleaxe         |       |       |   106 |    97 |    58 |       ||   261
         Broad axe         |       |       |       |       |   304 |    36 ||   340
         Constrict         |       |       |       |       |    92 |     9 ||   101
   Cast: Poisonous Vapours |     9 |    57 |    79 |    12 |       |       ||   157
         Kiss of Death     |     1 |     1 |       |       |       |       ||     2
         Momentum Strike   |       |     2 |    13 |     1 |     1 |       ||    17
         Olgreb's Toxic Ra |       |       |    13 |    71 |   111 |    13 ||   208
         Ignite Poison     |       |       |     1 |    33 |    15 |     4 ||    53
         Summon Mana Viper |       |       |       |     3 |    46 |       ||    49
         Summon Cactus Gia |       |       |       |       |     6 |       ||     6
 Invoke: Ancestor Identity |       |       |     1 |       |       |       ||     1
         Ancestor Life: Ba |       |       |       |     1 |       |       ||     1
         Idealise          |       |       |       |       |     4 |       ||     4
         Recall Ancestor   |       |       |       |       |     2 |       ||     2
         Transference      |       |       |       |       |     2 |       ||     2
Ability: Spit Poison       |     5 |     6 |     2 |       |       |       ||    13
  Evoke: Wand              |       |       |     3 |     4 |     8 |       ||    15
         Box of beasts     |       |       |       |       |     1 |       ||     1
         Lightning rod     |       |       |       |       |       |     2 ||     2
    Use: Scroll            |     1 |    13 |     9 |     8 |    12 |       ||    43
         Potion            |       |     8 |       |       |     3 |       ||    11
   Stab: Sleeping          |     1 |       |     3 |       |     1 |       ||     5
         Invisible         |       |     1 |       |       |       |       ||     1
         Distracted        |       |       |     1 |     1 |    13 |       ||    15
         Petrified         |       |       |       |       |     2 |       ||     2
 Armour: Leather armour    |    35 |    67 |    31 |       |       |       ||   133
         Ring mail         |       |       |    78 |    72 |   262 |    67 ||   479
         Robe              |       |       |       |    13 |    47 |       ||    60
  Dodge: Dodged            |    66 |   158 |   130 |    72 |   255 |    19 ||   700
  Block: Buckler           |       |       |       |       |    23 |    18 ||    41
